 Dungeon Crawl Stone Soup version 0.13.0-59-g13bd910 (webtiles) character file.

536 Lilouch the Magician (level 6, -11/41 HPs)
             Began as a Mummy Fire Elementalist on Nov 22, 2013.
             Was an Initiate of Vehumet.
             Shot with an arrow by a centaur (16 damage)
             ... on Level 5 of the Dungeon.
             The game lasted 00:18:02 (6071 turns).

Lilouch the Magician (Mummy Fire Elementalist)      Turns: 6071, Time: 00:18:03

HP -11/41        AC  2     Str 11      XL: 6   Next: 33%
MP  14/14        EV 11     Int 16      God: Vehumet [......]
Gold 188         SH  6     Dex 12      Spells:  3 memorised,  7 levels left

Res.Fire  : x . .   See Invis. : .   B - +1,+0 orc dagger (venom)
Res.Cold  : + . .   Warding    : .   r - +0 robe
Life Prot.: + + +   Conserve   : .   D - +0 buckler
Res.Poison: +       Res.Corr.  : .   (no helmet)
Res.Elec. : .       Clarity    : .   (no cloak)
Sust.Abil.: . .     Spirit.Shd : .   (no gloves)
Res.Mut.  : .       Stasis     : .   (no boots)
Res.Rott. : +       Flight     : .   (no amulet)
Saprovore : . . .                    (no ring)
                                     (no ring)

@: somewhat resistant to hostile enchantments, unstealthy
A: no food or potions, fire vulnerability, restore body, cold resistance 1, life
protection 3, poison resistance, torment resistance, unbreathing
a: Renounce Religion


You were on level 5 of the Dungeon.
You worshipped Vehumet.
Vehumet was noncommittal.
You were not hungry.

You visited 2 branches of the dungeon, and saw 7 of its levels.

You collected 168 gold pieces.

Inventory:

Hand weapons
 d - a +0,+0 club
 e - a cursed +0,-3 club (quivered)
 g - a +1,+0 elven spear
 j - a +0,+0 club
 k - a +0,+0 dagger
 t - a +0,+1 orcish dagger
 v - a +0,+0 club
 w - a +0,+0 elven dagger
 x - a +0,+0 orcish club
 y - a -1,+0 orcish club
 B - a +1,+0 orcish dagger of venom (weapon)
Missiles
 a - 19 sling bullets of flame
 f - 25 stones
 h - 9 poisoned needles
 u - 16 sling bullets
Armour
 r - a +0 robe (worn)
 D - a +0 buckler (worn)
 F - a +0 scale mail of magic resistance
Scrolls
 c - 2 scrolls of enchant armour {unknown}
 i - 6 scrolls of remove curse {unknown}
 l - 3 scrolls of curse armour {unknown}
 m - 2 scrolls of magic mapping {unknown}
 n - a scroll of random uselessness {unknown}
 o - 8 scrolls of identify {unknown}
 p - a scroll of curse jewellery {unknown}
 q - 2 scrolls of teleportation {unknown}
 s - a scroll of amnesia {unknown}
 A - a scroll of fear {unknown}
 C - a scroll of fog {unknown}
 G - a scroll of enchant weapon I {unknown}
Jewellery
 z - an uncursed amulet of faith {unknown}
 E - an uncursed amulet of stasis {unknown}
Books
 b - a book of Flames

   Spells                             Type                      Level
   *Flame Tongue                      Conjuration/Fire             1
   *Throw Flame                       Conjuration/Fire             2
   *Conjure Flame                     Conjuration/Fire             3
   Inner Flame                        Hexes/Fire                   3
   Sticky Flame                       Conjuration/Fire             4
   Fireball                           Conjuration/Fire             5


   Skills:
 - Level 1.5 Dodging
 - Level 1.5 Stealth
 + Level 0.1 Shields
 * Level 4.0 Spellcasting
 + Level 2.5 Conjurations
 + Level 3.8 Fire Magic


You had 7 spell levels left.
You knew the following spells:

 Your Spells              Type           Power        Failure   Level  Hunger
a - Flame Tongue          Conj/Fire      ##...        6%          1    N/A
b - Throw Flame           Conj/Fire      ##....       10%         2    N/A
c - Conjure Flame         Conj/Fire      ##......     17%         3    N/A

Dungeon Overview and Level Annotations

Branches:
Dungeon (6/27)             Temple (1/1) D:4
    Orc: D:6-11

Altars:
Ashenzari
Cheibriados
Fedhas
Makhleb
Nemelex Xobeh
Okawaru
Sif Muna
Trog
Vehumet
Yredelemnul
the Shining One


Innate Abilities, Weirdness & Mutations

You do not eat or drink.
Your flesh is vulnerable to fire.
Your flesh is cold resistant.
You are immune to negative energy.
Your system is resistant to poisons.
You are immune to unholy pain and torment.
You can survive without breathing.


Message History

A centaur is nearby!
The centaur shoots an arrow.
The arrow misses you.
You see here an arrow.
The centaur shoots an arrow.
The arrow misses you.
You see here an arrow.
The centaur shoots an arrow.
The arrow misses you.
The centaur shoots an arrow.
The arrow misses you.
The centaur shoots an arrow.
The arrow hits you!
You see here an arrow.
The centaur shoots an arrow.
The arrow hits you!
* * * LOW HITPOINT WARNING * * *
You see here an arrow.
The centaur shoots an arrow.
The arrow hits you!
* * * LOW HITPOINT WARNING * * *
You see here an arrow.
The centaur shoots an arrow.
The arrow misses you.
You see here an arrow.
The centaur shoots an arrow.
The arrow misses you.
The centaur shoots an arrow.
The arrow hits you!
You die...

#..########......(#########.
..## #.......# ### #......(#
#.....c.# #.......#
#......(# #......(#
#.......# #.....@(#
#......(# #.....(.#
#.......# #.......#
#########


You could see a centaur.

Vanquished Creatures
  A phantom (D:4)
  2 orc wizards (D:4)
  2 scorpions (D:4)
  2 worker ants (D:4)
  2 adders (D:2)
  A giant mite (D:4)
  An inept feature mimic (D:2)
  2 worms
  A giant eyeball (D:6)
  2 giant geckos
  2 orcs (D:4)
  2 ball pythons
  6 bats
  6 giant cockroaches
  4 goblins
  10 hobgoblins
  4 jackals (D:3)
  7 kobolds
  3 quokkas
  5 giant newts
  7 rats
72 creatures vanquished.

Vanquished Creatures (others)
  A kobold (D:5)
1 creature vanquished.

Grand Total: 73 creatures vanquished

Notes
Turn   | Place    | Note
--------------------------------------------------------------
     0 | D:1      | Lilouch, the Mummy Fire Elementalist, began the quest for the Orb.
     0 | D:1      | Reached XP level 1. HP: 13/13 MP: 3/3
   561 | D:1      | Reached skill level 1 in Conjurations
   597 | D:1      | Reached XP level 2. HP: 16/19 MP: 4/4
  1970 | D:2      | Reached XP level 3. HP: 11/24 MP: 0/6
  2258 | D:2      | Reached skill level 3 in Fire Magic
  2558 | D:2      | Reached XP level 4. HP: 10/30 MP: 1/8
  3895 | D:4      | Found a bloodstained altar of Trog.
  3925 | D:4      | Learned a level 2 spell: Throw Flame
  3929 | D:4      | Learned a level 3 spell: Conjure Flame
  3990 | D:4      | Found a staircase to the Ecumenical Temple.
  3997 | Temple   | Entered the Ecumenical Temple
  4005 | Temple   | Became a worshipper of Vehumet
  4037 | D:4      | Reached XP level 5. HP: 22/35 MP: 1/10
  4542 | D:4      | Noticed a phantom
  4951 | D:4      | Killed a phantom
  4951 | D:4      | Reached XP level 6. HP: 32/41 MP: 0/13
  5140 | D:4      | Reached skill level 4 in Spellcasting
  5516 | D:5      | Entered Level 5 of the Dungeon
  5672 | D:5      | Found a burning altar of Makhleb.
  6019 | D:5      | Found a glowing golden altar of the Shining One.
  6071 | D:5      | Shot with an arrow by a centaur

Action                   |  1- 3 |  4- 6 || total
-------------------------+-------+-------++-------
Melee: Spear             |    44 |    55 ||    99
       Club              |     6 |       ||     6
       Unarmed           |     5 |       ||     5
       Dagger            |       |    87 ||    87
Throw: Club              |     6 |       ||     6
       Stone             |     4 |       ||     4
 Cast: Flame Tongue      |    56 |    66 ||   122
       Conjure Flame     |       |     7 ||     7
       Throw Flame       |       |     1 ||     1
 Stab: Sleeping          |     2 |     1 ||     3
